 Dungeon Crawl Stone Soup version 0.25-a0-85-g7617fd2bc2 (webtiles) character file.

Game seed: 3086080704587409158, levelgen mode: deterministic

4 MrRokkomies the Magician (level 1, -1/13 HPs)
             Began as a Gnoll Wanderer on Nov 8, 2019.
             Slain by a hobgoblin
             ... wielding a +0 club
              (4 damage)
             ... on level 1 of the Dungeon.
             The game lasted 00:00:31 (55 turns).

MrRokkomies the Magician (Gnoll Wanderer)             Turns: 55, Time: 00:00:31

Health: -1/13      AC:  2    Str: 12    XL:     1   Next: 70%
Magic:  6/6        EV: 11    Int: 15    God:
Gold:   0          SH:  5    Dex: 15    Spells: 8/9 levels left

rFire    . . .     SeeInvis .   a - +0 dagger
rCold    . . .     Gourm    .   c - +0 buckler
rNeg     . . .     Faith    .   d - +0 robe
rPois    .         Spirit   .   (no helmet)
rElec    .         Reflect  .   (no cloak)
rCorr    .         Harm     .   (no gloves)
MR       .....                  (no boots)
Stlth    +.........             (no amulet)
HPRegen  0.04/turn              (no ring)
MPRegen  0.10/turn              (no ring)

@: no status effects
A: distributed training, fangs 1, strong nose
a: no special abilities


You were on level 1 of the Dungeon.
You were not hungry.

You visited 1 branch of the dungeon, and saw 1 of its levels.

Inventory:

Hand Weapons
 a - a +0 dagger (weapon)
Armour
 c - a +0 buckler (worn)
 d - a +0 robe (worn)
Potions
 b - a potion of lignification
Comestibles
 f - a ration


   Skills:
 + Level 0.1 Fighting
 + Level 0.1 Short Blades
 + Level 0.1 Long Blades
 + Level 0.1 Axes
 + Level 0.1 Maces & Flails
 + Level 0.1 Polearms
 + Level 0.1 Staves
 + Level 0.1 Slings
 + Level 0.1 Bows
 + Level 0.1 Crossbows
 + Level 0.1 Throwing
 + Level 0.1 Armour
 + Level 0.1 Dodging
 + Level 0.1 Stealth
 + Level 4.4 Shields
 + Level 0.1 Unarmed Combat
 + Level 4.9 Spellcasting
 + Level 2.0 Conjurations
 + Level 0.1 Hexes
 + Level 2.0 Charms
 + Level 0.1 Summonings
 + Level 0.1 Necromancy
 + Level 0.1 Translocations
 + Level 0.1 Transmutations
 + Level 0.1 Fire Magic
 + Level 0.1 Ice Magic
 + Level 3.6 Air Magic
 + Level 3.6 Earth Magic
 + Level 0.1 Poison Magic
 + Level 0.2 Invocations
 + Level 0.1 Evocations


You had 8 spell levels left.
You knew the following spells:

 Your Spells              Type           Power        Failure   Level  Hunger
a - Magic Dart            Conj           #...         8%          1    None

Your spell library contained the following spells:

 Spells                   Type           Power        Failure   Level  Hunger
 Mephitic Cloud           Conj/Pois/Air  #.......     22%         3    ###....
 Blink                    Tloc           N/A          24%         2    ##.....
 Call Imp                 Summ           #.......     24%         2    ##.....
 Slow                     Hex            #.......     24%         2    ##.....
 Conjure Flame            Conj/Fire      #.......     32%         3    ###....


Dungeon Overview and Level Annotations

Branches:
Dungeon (1/15)

Altars:


Innate Abilities, Weirdness & Mutations

Your experience applies equally to all skills.
You have very sharp teeth.
Your uncanny sense of smell can sniff out nearby items.


Message History

The bat closely misses you.
You hit the bat.
You kill the bat!
You barely miss the goblin. You block the goblin's attack.
You barely miss the goblin. The goblin hits you but does no damage.
You hit the goblin.
You kill the goblin!
You barely miss the goblin. The goblin hits you.
You hit the goblin.
You kill the goblin!
Your Conjurations skill increases to level 2!
Your Charms skill increases to level 2!
You hit the hobgoblin but do no damage. You block the hobgoblin's attack.
You hit the hobgoblin but do no damage. You hit the hobgoblin but do no damage.
The hobgoblin hits you with a +0 club.
* * * LOW HITPOINT WARNING * * *
You closely miss the hobgoblin. The hobgoblin closely misses you.
You closely miss the hobgoblin. Your bite misses the hobgoblin.
The hobgoblin hits you with a +0 club.
You die...

≈≈≈≈≈≈≈≈≈....#.#
##############.#
########.#
.......†.##
...$......####.##
...............>.
#####.###.##.#..
... #..# # .....
##@# .... #g#
.... #....#
#...!. +......
#...#... #...
#.## #... .. #...
#.#


You could see a hobgoblin.

Vanquished Creatures
  A bat (D:1)
  3 goblins (D:1)
4 creatures vanquished.

Notes
Turn   | Place    | Note
-------+----------+-------------------------------------------
     0 | D:1      | MrRokkomies the Gnoll Wanderer began the quest for the Orb.
     0 | D:1      | MrRokkomies set off with the following items: a +0 dagger,
                  | a potion of lignification, a +0 buckler, a +0 robe, a
                  | ration; and the following spell memorised: Magic Dart; and
                  | the following spells available to memorise: Mephitic Cloud,
                  | Blink, Call Imp, Slow, Conjure Flame
     0 | D:1      | Reached XP level 1. HP: 13/13 MP: 6/6
    55 | D:1      | Slain by a hobgoblin

Levels and vault maps discovered:
D:1:      nzn_arrival_depleted_hourglass, layout_basic, dk_noncrumbling_4,
          moated_statue, minmay_misc_feat_diagonals, ashenzari_altar_1

Skill      XL: |  1 |
---------------+----+-----
Conjurations   | 2 |  2.0
Charms         | 2 |  2.0
Fighting       | |  0.1
Short Blades   | |  0.1
Long Blades    | |  0.1
Axes           | |  0.1
Maces & Flails | |  0.1
Polearms       | |  0.1
Staves         | |  0.1
Slings         | |  0.1
Bows           | |  0.1
Crossbows      | |  0.1
Throwing       | |  0.1
Armour         | |  0.1
Dodging        | |  0.1
Stealth        | |  0.1
Shields        | |  4.4
Unarmed Combat | |  0.1
Spellcasting   | |  4.9
Hexes          | |  0.1
Summonings     | |  0.1
Necromancy     | |  0.1
Translocations | |  0.1
Transmutations | |  0.1
Fire Magic     | |  0.1
Ice Magic      | |  0.1
Air Magic      | |  3.6
Earth Magic    | |  3.6
Poison Magic   | |  0.1
Invocations    | |  0.2
Evocations     | |  0.1

Action                   || total
-------------------------++-------
Melee: Dagger            ||    26
       Bite              ||     2
Armor: Robe              ||    11
Dodge: Dodged            ||    10
Block: Buckler           ||     9

Table legend:
 A = Non-vault XP
 B = Vault XP
 C = Vault XP percentage of total XP
 D = Non-vault monster count
 E = Vault monster count
 F = Vault count percentage of total count
                 A         B        C        D         E       F
            +---------+---------+-------+---------+---------+-------
      Total |       7 |       0 |   0.0 |       4 |       0 |   0.0
            +---------+---------+-------+---------+---------+-------
        D:1 |       7 |       0 |   0.0 |       4 |       0 |   0.0
            +---------+---------+-------+---------+---------+-------
